 Dungeon Crawl Stone Soup version 0.27.1-2-g3b301248ec (webtiles) character file.

Game seed: 14755843103273814763

3 Descartes the Sneak (level 1, -2/10 HPs)
             Began as a Felid Delver on Oct 2, 2021.
             Slain by a centaur zombie (4 damage)
             ... on level 5 of the Dungeon.
             The game lasted 00:00:19 (75 turns).

Descartes the Sneak (Felid Delver)                    Turns: 75, Time: 00:00:20

Health: -2/10      AC:  1    Str:  8    XL:     1   Next: 41%
Magic:  2/2        EV: 17    Int: 11    God:
Gold:   0          SH:  0    Dex: 17    Spells: 0/0 levels left
                                        Lives:  0   Deaths: 0

rFire    . . .     SeeInvis +     - Unarmed
rCold    . . .     Faith    .   (shield unavailable)
rNeg     . . .     Spirit   .   (armour unavailable)
rPois    .         Reflect  .   (helmet unavailable)
rElec    .         Harm     .   (cloak unavailable)
rCorr    .         Rampage  .   (gloves unavailable)
Will     .....                  (boots unavailable)
Stlth    ++++......             (no amulet)
HPRegen  0.03/turn              (no ring)
MPRegen  0.08/turn              (no ring)

@: quick
A: very small, claws 1, fangs 3, see invisible, speed 1, shaggy fur 1, stealthy
paws, no weapons or thrown items, no armour, multi-lived
a: no special abilities


You were on level 5 of the Dungeon.
You visited 1 branch of the dungeon, and saw 1 of its levels.

Inventory:

Wands
 e - a wand of digging (3)
Scrolls
 a - a scroll of fog
 b - a scroll of magic mapping
 c - a scroll of fear
 g - a scroll of vulnerability {unknown}
Potions
 d - a potion of haste
 f - a potion of flight {unknown}
 h - a potion of curing {unknown}


   Skills:
 - Level 3.0 Fighting
 - Level 2.6 Dodging
 + Level 6.8 Stealth
 - Level 2.0 Unarmed Combat


You couldn't memorise any spells.
You didn't know any spells.
Your spell library was empty.

Dungeon Overview and Level Annotations

Branches:
Dungeon (5/15)
 Temple: D:4-7

Altars:


Innate Abilities, Weirdness & Mutations

You have sharp claws.
You have razor-sharp teeth.
You have supernaturally acute eyesight. (SInv)
You cover ground quickly. (Speed+)
You are covered in fur. (AC +1)
Your paws help you pounce on unaware monsters.
You are incapable of wielding weapons or throwing items.
You cannot wear armour.
You gain extra lives every three experience levels.


Message History

The centaur zombie is heavily damaged.
The centaur zombie hits you.
The centaur zombie completely misses you.
You barely miss the centaur zombie.
The centaur zombie is heavily damaged.
The centaur zombie hits you. The centaur zombie misses you.
You are too injured to fight recklessly!
You are too injured to fight recklessly!
You are too injured to fight recklessly!
You are too injured to fight recklessly!
You are too injured to fight recklessly!
You are too injured to fight recklessly!
You are too injured to fight recklessly!
You are too injured to fight recklessly!
You are too injured to fight recklessly!
You are too injured to fight recklessly!
You are too injured to fight recklessly!
You are too injured to fight recklessly!
You are too injured to fight recklessly!
You are too injured to fight recklessly!
You are too injured to fight recklessly!
You are too injured to fight recklessly!
You scratch the centaur zombie but do no damage.
You bite the centaur zombie, but do no damage.
The centaur zombie is heavily damaged.
The centaur zombie closely misses you.
The centaur zombie barely misses you. x2
The centaur zombie kicks you.
* * * LOW HITPOINT WARNING * * *
You scratch the centaur zombie.
The centaur zombie is heavily damaged.
The centaur zombie closely misses you. The centaur zombie kicks you.
* * * LOW HITPOINT WARNING * * *
You scratch the centaur zombie.
The centaur zombie is heavily damaged.
The centaur zombie misses you. The centaur zombie kicks you.
* * * LOW HITPOINT WARNING * * *
The centaur zombie completely misses you.
The centaur zombie barely misses you. The centaur zombie hits you.
You die...

............#....
..............##.
...............#.
............)..##
...........##...#
...........# ..#
...........# ..
#######.#Z## ...#@#
#.####.## # .. #....#
#.#### #.#..#
#.#..####.####
#.......)....# #
#.........##.#########.#
#......................#
#..†...................#


You could see a centaur zombie.

Vanquished Creatures
  An orc (D:5)
  A quokka (D:5)
2 creatures vanquished.

Notes
Turn   | Place    | Note
-------+----------+-------------------------------------------
     0 | D:5      | Descartes the Felid Delver began the quest for the Orb.
     0 | D:5      | Reached XP level 1. HP: 10/10 MP: 2/2
    75 | D:5      | Slain by a centaur zombie

Illustrated notes

Levels and vault maps discovered:
D:5:      layout_basic, gammafunk_temple_overflow_pools,
          chequers_temple_overflow_statue_of_worship,
          minmay_temple_entry_slanted

Action                   || total
-------------------------++-------
Melee: Unarmed           ||    14
       Bite              ||     4
Armor: Skin              ||     3
Dodge: Dodged            ||    20
